 Dungeon Crawl Stone Soup version 0.17.1-3-g152610e (webtiles) character file.

97 senseless the Cudgeler (level 4, -5/32 HPs)
             Began as a Demonspawn Wanderer on Apr 19, 2016.
             Slain by a gnoll
             ... wielding a +0 halberd
              (7 damage)
             ... on level 3 of the Dungeon.
             The game lasted 00:06:21 (1837 turns).

senseless the Cudgeler (Demonspawn Wanderer)        Turns: 1837, Time: 00:06:21

Health: -5/32      AC:  6    Str: 11    XL:     4   Next: 42%
Magic:  4/4        EV: 12    Int: 14    God:
Gold:   111        SH:  0    Dex: 14    Spells: 0 memorised, 3 levels left

rFire  + . .     SeeInvis .     a - +2 mace
rCold  . . .     Clarity  .     o - +0 leather armour {MR+}
rNeg   . . .     SustAt   .     (no shield)
rPois  .         Gourm    .     z - +0 helmet
rElec  .         Spirit   .     (no cloak)
rCorr  .         Warding  .     (no gloves)
rMut   .         Stasis   .     (no boots)
MR     +....                    x - amulet of regeneration
Stlth  ++........               (no ring)
                                i - ring of flight

@: somewhat resistant to hostile enchantments, unstealthy
A: slimy green scales 1, fire resistance 1
a: Evoke Flight


You were on level 3 of the Dungeon.
You were not hungry.

You visited 1 branch of the dungeon, and saw 3 of its levels.

You collected 111 gold pieces.

Inventory:

Hand Weapons
 a - a +2 mace (weapon)
 b - a +0 hand axe
Armour
 d - a +0 robe
 j - a +0 plate armour
 o - a +0 leather armour of magic resistance (worn)
 z - a +0 helmet (worn)
Jewellery
 i - a ring of flight (left hand)
 x - an amulet of regeneration (around neck)
Wands
 y - a wand of cold (6)
Scrolls
 g - 2 scrolls of identify {unknown}
 k - a scroll of enchant weapon {unknown}
 p - a scroll of recharging {unknown}
 q - 2 scrolls of enchant armour {unknown}
 r - a scroll of immolation {unknown}
 u - a scroll of noise {unknown}
 v - a scroll of fog {unknown}
Potions
 c - a potion of lignification
 n - 3 potions of poison {unknown}
 s - a potion of haste {unknown}
 t - a potion of curing {unknown}
 w - a potion of might {unknown}
Comestibles
 e - 4 bread rations
 f - 2 beef jerkies
 h - 2 meat rations
 l - 2 slices of pizza
 m - 3 fruits


   Skills:
 + Level 1.0 Fighting
 + Level 3.7 Maces & Flails
 + Level 1.0 Throwing
 + Level 0.8 Armour
 + Level 2.4 Dodging
 + Level 1.4 Stealth
 + Level 3.0 Unarmed Combat


You had 3 spell levels left.
You didn't know any spells.

Dungeon Overview and Level Annotations

Branches:
Dungeon (3/15)

Altars:
Makhleb


Innate Abilities, Weirdness & Mutations

You are partially covered in slimy green scales (AC +2).
Your flesh is heat resistant.


Message History

The gnoll is almost dead.
The gnoll barely misses you.
You hit the gnoll.
You kill the gnoll!
Your Fighting skill increases to level 1!
The gnoll closely misses you.
You hit the gnoll.
The gnoll is almost dead.
The gnoll hits you from afar with a halberd!
The gnoll hits you.
You sock the gnoll!
You kill the gnoll!
The gnoll hits you from afar with a halberd!
* * * LOW HITPOINT WARNING * * *
You are too injured to fight recklessly!
You are too injured to fight recklessly!
You are too injured to fight recklessly!
You are too injured to fight recklessly!
The gnoll hits you with a halberd!
You die...

#
#.#######.........#
#.#.... #
#.##.....######.#.#
#...... #.##.....#
#...# #######
#.##.....#######..#
#.##.....'.....#..#
#.##.....#####.##>#
#### #.##.....#
#.#### #.[.
#.##.....# #.# #...
#.####.### #@# #...
#.# #.# #g# #...
#.####.# #.# #...
#...##.# #$# #...
###.##.# #.# #...
#.##.# #.#
######... #.##.#
#.. +....'...
#.##.#########
######...
#.##........# #...


You could see a gnoll.

Vanquished Creatures
  3 adders
  2 gnolls (D:3)
  A worm (D:2)
  A giant gecko (D:1)
  A giant cockroach (D:3)
  5 goblins
  5 hobgoblins
  3 jackals (D:1)
  9 kobolds
  A quokka (D:2)
  A ball python (D:2)
  7 bats
  3 giant newts
  6 rats
48 creatures vanquished.

Notes
Turn   | Place    | Note
--------------------------------------------------------------
     0 | D:1      | senseless the Demonspawn Wanderer began the quest for the Orb.
     0 | D:1      | senseless set off with: a +2 mace, a +0 hand axe, a potion of lignification, a +0 robe, a bread ration
     0 | D:1      | Reached XP level 1. HP: 13/13 MP: 1/1
   231 | D:1      | Reached skill level 3 in Maces & Flails
   287 | D:1      | Gained mutation: You are partially covered in slimy green scales (AC +2). [demonic ancestry]
   287 | D:1      | Reached XP level 2. HP: 14/19 MP: 2/2
   695 | D:2      | Reached XP level 3. HP: 5/25 MP: 3/3
   700 | D:2      | HP: 1/25 [poisoned by an adder]
  1358 | D:3      | Gained mutation: Your flesh is heat resistant. [demonic ancestry]
  1358 | D:3      | Reached XP level 4. HP: 31/31 MP: 4/4
  1385 | D:3      | Found a burning altar of Makhleb.
  1834 | D:3      | Reached skill level 1 in Fighting
  1836 | D:3      | HP: 1/32 [gnoll/halberd (9)]
  1837 | D:3      | Slain by a gnoll

Action                   |  1- 3 |  4- 6 || total
-------------------------+-------+-------++-------
Melee: Mace              |   140 |    22 ||   162
  Use: Potion            |     1 |       ||     1
 Stab: Sleeping          |     1 |     1 ||     2
  Eat: Chunk             |     1 |     2 ||     3
